 Dungeon Crawl Stone Soup version 0.28.0 (webtiles) character file.

Game seed: 5007951639385989529

294 Cykl0x the Digger (level 6, 0/36 HPs)
             Began as a Gargoyle Earth Elementalist on Feb 13, 2022.
             Slain by Duvessa (12 damage)
             ... on level 4 of the Dungeon.
             The game lasted 00:08:43 (4264 turns).

Cykl0x the Digger (Gargoyle Earth Elementalist)     Turns: 4264, Time: 00:08:45

Health: 0/36       AC:  7    Str: 12    XL:     6   Next: 34%
Magic:  0/10       EV: 11    Int: 17    God:
Gold:   90         SH:  0    Dex: 10    Spells: 7/11 levels left

rFire   . . .      SeeInvis .   d - +0 short sword
rCold   . . .      Faith    .   (no shield)
rNeg    + . .      Spirit   .   k - +0 leather armour
rPois   ∞          Reflect  .   (no helmet)
rElec   +          Harm     .   (no cloak)
rCorr   .          Rampage  .   (no gloves)
Will    .....                   (no boots)
Stlth   ++........              (no amulet)
HPRegen 0.12/turn               (no ring)
MPRegen 0.12/turn               (no ring)

@: hasted, very quick
A: sickness immunity, AC +4, negative energy resistance 1, electricity
resistance, torment resistance 1, petrification resistance
a: no special abilities


You were on level 4 of the Dungeon.
You visited 1 branch of the dungeon, and saw 4 of its levels.

You collected 90 gold pieces.

Inventory:

Hand Weapons
 d - a +0 short sword (weapon)
Missiles
 c - 98 stones
Armour
 b - a +0 robe
 e - a +0 ring mail
 g - a +0 buckler
 h - a +3 scale mail
 k - a +0 leather armour (worn)
Scrolls
 a - 2 scrolls of identify
Potions
 i - a potion of degeneration
 j - 2 potions of heal wounds
 l - a potion of flight {unknown}


   Skills:
 * Level 2.3 Fighting
 + Level 0.2 Short Blades
 + Level 1.0 Armour
 + Level 2.2 Dodging
 - Level 2.1 Stealth
 + Level 3.2 Spellcasting
 * Level 2.5 Conjurations
 - Level 0.7 Transmutations
 + Level 5.3 Earth Magic


You had 7 spell levels left.
You knew the following spells:

 Your Spells              Type           Power      Damage    Failure   Level
a - Sandblast             Erth           40%        2d10      2%          1
b - Stone Arrow           Conj/Erth      32%        3d9       13%         3

Your spell library contained the following spells:

 Spells                   Type           Power      Damage    Failure   Level
 Passwall                 Tmut/Erth      10%        N/A       10%         2
 Ensorcelled Hibernation  Hex/Ice        4%         N/A       32%         2
 Petrify                  Tmut/Erth      13%        N/A       52%         4
 Swiftness                Air            2%         N/A       54%         3


Dungeon Overview and Level Annotations

Branches:
Dungeon (4/15)
 Temple: D:4-7

Altars:

Shops:
D:1 [

Annotations:
D:4 Dowan, Duvessa


Innate Abilities, Weirdness & Mutations

You are immune to sickness and miasma.
Your stone body is resilient. (AC +4)
You are immune to poison.
You resist negative energy. (rN+)
You are resistant to electric shocks. (rElec)
You are resistant to unholy torment.
You are immune to petrification.


Message History

The blast of sand hits Duvessa.
Duvessa is heavily wounded.
Duvessa barely misses you.
The blast of sand hits Duvessa but does no damage.
Duvessa is heavily wounded.
Duvessa barely misses you. Duvessa closely misses you.
The blast of sand hits Duvessa but does no damage.
Duvessa is heavily wounded.
Duvessa hits you with a +0 rapier.
Okay, then.
Okay, then.
Okay, then.
You feel yourself speed up. Duvessa hits you with a +0 rapier.
Duvessa closely misses you. Dowan casts a spell at you.
The puff of flame misses you.
You hit Duvessa.
Duvessa is severely wounded.
Duvessa says, "My weaknesses are his strengths!"
Duvessa hits you with a +0 rapier.
You hit Duvessa.
Duvessa is severely wounded.
Duvessa closely misses you.
You hit Duvessa but do no damage.
Duvessa is severely wounded.
Duvessa hits you with a +0 rapier!
You hit Duvessa but do no damage.
Duvessa is severely wounded.
You hit Duvessa.
Duvessa is almost dead.
Duvessa hits you with a +0 rapier.
Casting: Sandblast (safe; 2% risk of failure)
Confirm with . or Enter, or press ? or * to list all spells.
Aiming: Sandblast (safe; 2% risk of failure)
Press: ? - help, Shift-Dir - straight line, f/p - Duvessa
Aim: Duvessa, wielding a +0 rapier and wearing a +1 leather armour of positive energy (almost dead, fast, 83% to hit)
The blast of sand hits Duvessa.
Duvessa is almost dead.
Duvessa hits you with a +0 rapier!
You die...

...≈≈e................
..≈≈≈≈≈..............
####≈#####.......#.#####
# #..............
###.###........
#..)e..........
#...##.........
#...###e.......
#...##@e.....<.
#...##....#.###
#####...##..### #
#............##
##............#
#.......#....##.##.
#^#.#...#..........
#.#.##).....#.....
...............##.


You could see Duvessa (fast) and Dowan.

Vanquished Creatures
  An ogre (D:4)
  A water moccasin skeleton (D:4)
  An orc priest (D:3)
  A bullfrog skeleton (D:4)
  An orc wizard (D:3)
  3 gnolls
  An adder (D:2)
  3 orcs (D:3)
  3 ball pythons
  3 bats
  5 endoplasms
  5 hobgoblins
  3 quokkas (D:1)
  3 frilled lizards
  4 goblins
  3 kobolds
  2 rats
43 creatures vanquished.

Vanquished Creatures (others)
  13 plants (D:2)
13 creatures vanquished.

Grand Total: 56 creatures vanquished

Notes
Turn   | Place    | Note
-------+----------+-------------------------------------------
     0 | D:1      | Cykl0x the Gargoyle Earth Elementalist began the quest for
                  | the Orb.
     0 | D:1      | Reached XP level 1. HP: 10/10 MP: 3/3
    28 | D:1      | Found a faded altar of an unknown god.
   256 | D:1      | Reached XP level 2. HP: 16/16 MP: 3/5
   400 | D:1      | Reached skill level 4 in Earth Magic
   747 | D:1      | Found Zanoimuo's Armour Shoppe.
  1024 | D:2      | Reached skill level 1 in Fighting
  1060 | D:2      | Reached XP level 3. HP: 20/20 MP: 3/6
  1064 | D:2      | Learned a level 3 spell: Stone Arrow
  1511 | D:2      | Reached skill level 1 in Conjurations
  2331 | D:2      | Reached XP level 4. HP: 14/25 MP: 0/7
  3174 | D:3      | Reached XP level 5. HP: 19/29 MP: 1/9
  3738 | D:4      | Reached skill level 5 in Earth Magic
  3801 | D:4      | Noticed an ogre
  3812 | D:4      | Killed an ogre
  3813 | D:4      | Reached XP level 6. HP: 6/35 MP: 0/10
  4117 | D:4      | Reached skill level 1 in Armour
  4237 | D:4      | Noticed Dowan
  4239 | D:4      | Noticed Duvessa
  4264 | D:4      | Slain by Duvessa

Illustrated notes

Levels and vault maps discovered:
D:1:      evilmike_arrival_hilbert_curve, layout_basic, serial_shops, shop,
          dreamdust_ecumenical_altar_statues
D:2:      layout_loops_ring, serial_bayou, serial_bayou_pond_d,
          serial_bayou_crossing, serial_bayou_ford_a, serial_bayou_lagoon_b
D:3:      layout_basic
D:4:      layout_rooms, minmay_temple_entry_ruins, lemuel_another_geyser,
          uniq_duvessa, uniq_blork_the_orc, uniq_natasha, uniq_pikel

Skill      XL: |  1  2  3  4  5  6 |
---------------+-------------------+-----
Earth Magic    | 4 5 |  5.3
Fighting       | 1 2 |  2.3
Conjurations   | 1 2 |  2.5
Dodging        | 2 |  2.2
Spellcasting   | 3 |  3.2
Armour         | 1 |  1.0
Short Blades   | |  0.2
Stealth        | |  2.1
Transmutations | |  0.7

Action                   |  1- 3 |  4- 6 || total
-------------------------+-------+-------++-------
Melee: Short sword       |    26 |    21 ||    47
       Punch             |     1 |     1 ||     2
 Cast: Sandblast         |    33 |    15 ||    48
       Stone Arrow       |     7 |    16 ||    23
  Use: Scroll            |     3 |     3 ||     6
       Potion            |     1 |     2 ||     3
Armor: Robe              |    10 |     1 ||    11
       Leather armour    |       |     7 ||     7
Dodge: Dodged            |    23 |    25 ||    48
